 Dungeon Crawl Stone Soup version 0.25.1-2-g60ff931df9 (webtiles) character file.

Game seed: 1892409130659756800

13889 gruber the Thaumaturge (level 12, -3/94 HPs)
             Began as a Gnoll Skald on Oct 8, 2020.
             Was an Initiate of Gozag.
             Slain by a two-headed ogre
             ... wielding a cursed -1 giant club
              (15 damage)
             ... on level 12 of the Dungeon.
             The game lasted 00:15:31 (12620 turns).

gruber the Thaumaturge (Gnoll Skald)               Turns: 12620, Time: 00:15:31

Health: -3/94      AC:  9    Str: 21    XL:     12   Next: 10%
Magic:  19/24      EV: 17    Int: 21    God:    Gozag
Gold:   1731       SH:  0    Dex: 17    Spells: 17/28 levels left

rFire    . . .     SeeInvis .   I - +6 trident
rCold    + . .     Gourm    .   (no shield)
rNeg     . . .     Faith    .   n - +0 ring mail {MR+}
rPois    .         Spirit   .   (no helmet)
rElec    .         Reflect  .   l - +0 cloak
rCorr    .         Harm     .   F - +0 pair of gloves
MR       +....                  (no boots)
Stlth    +++.......             t - amulet of regeneration
HPRegen  0.65/turn              a - ring of Node {rC+ Str+6 Int+2 Dex+2}
MPRegen  0.19/turn              i - ring of wizardry

@: singing, gold aura
A: distributed training, fangs 1, strong nose
a: Potion Petition, Call Merchant, Bribe Branch, Renounce Religion


You were on level 12 of the Dungeon.
You worshipped Gozag.
Gozag was most pleased with you.
You were not hungry.

You visited 1 branch of the dungeon, and saw 12 of its levels.

You collected 1901 gold pieces.
You spent 49 gold pieces at shops.
You paid 121 gold pieces to Gozag.

Inventory:

Hand Weapons
 I - a +6 trident (weapon)
Missiles
 O - 7 curare-tipped darts (quivered)
Armour
 l - a +0 cloak (worn)
 n - a +0 ring mail of magic resistance (worn)
 F - a +0 pair of gloves (worn)
Jewellery
 a - the ring of Node (left hand) {rC+ Str+6 Int+2 Dex+2}
   (You found it on level 6 of the Dungeon)

   [ring of strength]

   It affects your strength (+6).
   It affects your intelligence (+2).
   It affects your dexterity (+2).
   It protects you from cold.
 e - an uncursed ring of stealth
 i - a ring of wizardry (right hand)
 s - an uncursed ring of magical power
 t - an amulet of regeneration (around neck)
 z - an uncursed ring of fire
 C - an uncursed ring of fire
 L - a cursed -4 ring of intelligence {unknown}
Wands
 m - a wand of iceblast (11)
 w - a wand of random effects (33)
 M - a wand of digging (4)
Scrolls
 b - 4 scrolls of fear {unknown}
 f - 16 scrolls of identify {unknown}
 g - 6 scrolls of teleportation {unknown}
 j - 4 scrolls of remove curse {unknown}
 k - 2 scrolls of immolation {unknown}
 o - 5 scrolls of fog {unknown}
 u - 2 scrolls of enchant armour {unknown}
 v - 3 scrolls of random uselessness {unknown}
 x - 2 scrolls of noise {unknown}
 y - 4 scrolls of blinking {unknown}
 A - 2 scrolls of silence {unknown}
 D - a scroll of magic mapping {unknown}
 E - a scroll of amnesia {unknown}
Potions
 c - 6 potions of curing {unknown}
 h - a potion of stabbing {unknown}
 p - 2 potions of haste
 q - a potion of berserk rage {unknown}
 r - a potion of might {unknown}
 B - 3 potions of resistance
 G - 2 potions of flight {unknown}
 H - a potion of magic {unknown}
 K - a potion of brilliance {unknown}
 P - a potion of cancellation {unknown}
 Q - 2 potions of lignification {unknown}
 R - a potion of degeneration {unknown}
Miscellaneous
 N - a box of beasts
Comestibles
 d - 21 rations


   Skills:
 + Level 8.3 Fighting
 + Level 6.8 Short Blades
 + Level 6.8 Long Blades
 + Level 6.8 Axes
 + Level 6.8 Maces & Flails
 + Level 8.3 Polearms
 + Level 6.8 Staves
 + Level 6.8 Slings
 + Level 6.8 Bows
 + Level 6.8 Crossbows
 + Level 6.8 Throwing
 + Level 7.3 Armour
 + Level 8.3 Dodging
 + Level 6.8 Stealth
 + Level 6.8 Shields
 + Level 6.8 Unarmed Combat
 + Level 8.5 Spellcasting
 + Level 5.6 Conjurations
 + Level 5.6 Hexes
 + Level 8.0 Charms
 + Level 5.6 Summonings
 + Level 5.6 Necromancy
 + Level 5.6 Translocations
 + Level 5.6 Transmutations
 + Level 5.6 Fire Magic
 + Level 5.6 Ice Magic
 + Level 5.6 Air Magic
 + Level 5.6 Earth Magic
 + Level 5.6 Poison Magic
 + Level 7.5 Invocations
 + Level 6.8 Evocations


You had 17 spell levels left.
You knew the following spells:

 Your Spells              Type           Power        Failure   Level  Hunger
a - Infusion              Chrm           ####         1%          1    None
b - Song of Slaying       Chrm           #####...     1%          2    None
c - Shroud of Golubria    Chrm/Tloc      #####.       1%          2    None
d - Ozocubu's Armour      Chrm/Ice       #####...     1%          3    None
e - Spectral Weapon       Hex/Chrm       #####...     1%          3    None

Your spell library contained the following spells:

 Spells                   Type           Power        Failure   Level  Hunger
 Animate Skeleton         Necr           N/A          1%          1    None
 Pain                     Necr           ####         1%          1    None
 Sandblast                Erth           ####..       1%          1    None
 Passwall                 Tmut/Erth      ####....     1%          2    None
 Stone Arrow              Conj/Erth      ####..       1%          3    None
 Vampiric Draining        Necr           ####......   1%          3    None
 Animate Dead             Necr           N/A          4%          4    ###....
 Petrify                  Tmut/Erth      ####....     4%          4    ###....
 Agony                    Necr           ####....     12%         5    #####..
 Lee's Rapid Deconstruct  Erth           ####......   12%         5    #####..


Dungeon Overview and Level Annotations

Branches:
Dungeon (12/15)            Temple (0/1) D:6            Lair (0/6) D:9
    Orc (0/2) D:9

Altars:
Ashenzari
Elyvilon
Fedhas
Gozag
Okawaru
The Shining One

Shops:
D:7 =%!


Innate Abilities, Weirdness & Mutations

Your experience applies equally to all skills.
You have very sharp teeth.
Your uncanny sense of smell can sniff out nearby items.


Message History

Press: ? - help, Dir - move target cursor, f - two-headed ogre
Aim: a two-headed ogre, wielding a -1 giant club and a +0 giant spiked club You puncture the two-headed ogre!
The two-headed ogre is moderately wounded.
The quasit completely misses you.
The quasit claws you but does no damage.
The quasit claws you.
* * * LOW HITPOINT WARNING * * *
Unknown command.
Unknown command.
Attack whom?
Press: ? - help, Dir - move target cursor, f/p - two-headed ogre
Aim: a two-headed ogre, wielding a -1 giant club and a +0 giant spiked club (moderately wounded)
You puncture the two-headed ogre!
The two-headed ogre is heavily wounded.
The quasit completely misses you. The quasit misses you.
The quasit closely misses you.
The two-headed ogre hits you with a cursed -1 giant club!
You die...
Your body crumbles into a pile of gold.

##.##.#.................## ##
##.#.................###....
∆#.#.#.......................#
#.#...........................
##.#.....#......#.............
#.#.#####.....###............
# #. ##.#T..#............. ##
#.eO#5...............
#≈≈≈..#@###5............
#≈≈≈≈≈#####.....<...##.#
#≈≈≈≈≈ #.###...##..## #≈≈≈≈≈
##...#.<<##≈≈≈#
##≈≈≈###....#.###≈≈≈≈≈# ####
#.......# #≈≈≈≈≈# ##.#...##
#≈≈≈≈≈# ####### ##≈≈≈## #####


You could see a two-headed ogre, a deep elf mage and a quasit.

Vanquished Creatures
  2 hydras
  A two-headed ogre (D:11)
  3 death yaks (D:9)
  An ugly thing (D:11)
  Joseph (D:8)
  A troll (D:11)
  2 hippogriffs (D:8)
  2 dream sheep (D:11)
  9 yaks
  Grum (D:8)
  2 hungry ghosts
  A water moccasin (D:9)
  Edmund (D:4)
  Duvessa (D:5)
  4 ogres
  4 orc warriors
  3 sky beasts (D:9)
  4 phantoms
  A necrophage (D:5)
  9 centaurs
  2 wolves (D:8)
  Blork the orc (D:5)
  5 big kobolds
  9 bullfrogs
  2 gnoll sergeants
  A wyvern zombie (D:8)
  Dowan (D:5)
  3 scorpions
  4 troll zombies (D:9)
  11 killer bees
  5 wights (D:8)
  An electric eel (D:12)
  7 howler monkeys
  4 crimson imps
  6 jellies
  A quasit (D:9)
  5 orc priests
  2 bullfrog skeletons
  A centaur skeleton (D:6)
  6 hounds
  5 iguanas
  Natasha (thrice) (D:2)
  6 orc wizards
  7 worker ants
  2 ogre zombies (D:9)
  A hound zombie (D:8)
  2 hound skeletons
  A howler monkey skeleton (D:4)
  8 gnolls
  8 adders
  5 shadow imps
  An ooze (D:2)
  2 adder skeletons
  2 worms (D:2)
  5 leopard geckos
  31 orcs
  5 giant cockroaches
  4 hobgoblins
  10 jackals
  3 quokkas
  A ball python (D:8)
  3 bats
  3 frilled lizards
  4 goblins
  A goblin skeleton (D:9)
  4 goblin zombies (D:9)
  2 hobgoblin skeletons (D:9)
  23 kobolds
  An orc skeleton (D:9)
  11 orc zombies (D:9)
  A quokka zombie (D:5)
  8 rats
303 creatures vanquished.

Vanquished Creatures (others)
  10 spectral weapons
10 creatures vanquished.

Grand Total: 313 creatures vanquished

Notes
Turn   | Place    | Note
-------+----------+-------------------------------------------
     0 | D:1      | gruber the Gnoll Skald began the quest for the Orb.
     0 | D:1      | Reached XP level 1. HP: 20/20 MP: 6/6
   426 | D:1      | Reached XP level 2. HP: 26/26 MP: 7/7
   665 | D:2      | Learned a level 2 spell: Song of Slaying
   668 | D:2      | Learned a level 2 spell: Shroud of Golubria
   795 | D:2      | Reached XP level 3. HP: 30/31 MP: 6/9
   803 | D:2      | Noticed Natasha
   804 | D:2      | Reached skill level 5 in Spellcasting
   809 | D:2      | Killed Natasha
   809 | D:2      | Reached skill level 1 in Invocations
   810 | D:2      | Reached skill level 1 in Short Blades
   810 | D:2      | Reached skill level 1 in Long Blades
   810 | D:2      | Reached skill level 1 in Axes
   810 | D:2      | Reached skill level 1 in Maces & Flails
   810 | D:2      | Reached skill level 1 in Staves
   810 | D:2      | Reached skill level 1 in Slings
   810 | D:2      | Reached skill level 1 in Bows
   810 | D:2      | Reached skill level 1 in Crossbows
   810 | D:2      | Reached skill level 1 in Throwing
   810 | D:2      | Reached skill level 1 in Stealth
   810 | D:2      | Reached skill level 1 in Shields
   810 | D:2      | Reached skill level 1 in Unarmed Combat
   810 | D:2      | Reached skill level 1 in Evocations
   814 | D:2      | Reached XP level 4. HP: 37/38 MP: 9/11
  1131 | D:2      | Noticed Natasha
  1139 | D:2      | Killed Natasha
  1139 | D:2      | Reached skill level 1 in Conjurations
  1139 | D:2      | Reached skill level 1 in Hexes
  1139 | D:2      | Reached skill level 1 in Summonings
  1139 | D:2      | Reached skill level 1 in Necromancy
  1139 | D:2      | Reached skill level 1 in Translocations
  1139 | D:2      | Reached skill level 1 in Transmutations
  1139 | D:2      | Reached skill level 1 in Fire Magic
  1139 | D:2      | Reached skill level 1 in Ice Magic
  1139 | D:2      | Reached skill level 1 in Air Magic
  1139 | D:2      | Reached skill level 1 in Earth Magic
  1139 | D:2      | Reached skill level 1 in Poison Magic
  1418 | D:2      | Noticed Natasha
  1439 | D:2      | Killed Natasha
  1439 | D:2      | Reached XP level 5. HP: 29/43 MP: 0/12
  2135 | D:3      | Learned a level 3 spell: Ozocubu's Armour
  2139 | D:3      | Learned a level 3 spell: Spectral Weapon
  2807 | D:4      | Found an opulent altar of Gozag.
  2807 | D:4      | Noticed Edmund
  2837 | D:4      | Killed Edmund
  2837 | D:4      | Reached skill level 5 in Fighting
  2837 | D:4      | Reached skill level 5 in Polearms
  2837 | D:4      | Reached skill level 5 in Dodging
  2837 | D:4      | Reached XP level 6. HP: 12/51 MP: 6/14
  4040 | D:4      | Reached XP level 7. HP: 56/56 MP: 11/15
  4121 | D:5      | Entered Level 5 of the Dungeon
  4311 | D:5      | Noticed Blork the orc
  4339 | D:5      | Killed Blork the orc
  4405 | D:5      | Reached XP level 8. HP: 59/63 MP: 4/16
  4535 | D:5      | Found a blossoming altar of Fedhas.
  4885 | D:5      | Noticed Duvessa
  4891 | D:5      | Noticed Dowan
  4910 | D:5      | Killed Duvessa
  4938 | D:5      | Killed Dowan
  5238 | D:6      | Found a glowing golden altar of the Shining One.
  5659 | D:6      | Reached XP level 9. HP: 66/69 MP: 14/18
  5803 | D:6      | Found a white marble altar of Elyvilon.
  5913 | D:6      | Found a staircase to the Ecumenical Temple.
  6004 | D:6      | Got a fine ivory ring
  6132 | D:6      | Identified the ring of Node {rC+ Str+6 Int+2 Dex+2} (You
                  | found it on level 6 of the Dungeon)
  6134 | D:6      | Found a glowing golden altar of the Shining One.
  6352 | D:7      | Found Samof's Food Emporium.
  6353 | D:7      | Found Bikh's Jewellery Emporium.
  6381 | D:7      | Bought a cursed ring of teleportation for 49 gold pieces
  6675 | D:4      | Became a worshipper of Gozag Ym Sagoz the Greedy
  6911 | D:7      | Found Daocoxt's Distillery.
  6924 | D:7      | Found an iron altar of Okawaru.
  7037 | D:8      | Reached skill level 5 in Armour
  7118 | D:8      | Found a shattered altar of Ashenzari.
  7464 | D:8      | Reached skill level 5 in Invocations
  8066 | D:8      | Noticed Joseph
  8073 | D:8      | Reached XP level 10. HP: 77/77 MP: 11/20
  8078 | D:8      | Killed Joseph
  8285 | D:8      | Noticed Grum
  8295 | D:8      | Killed Grum
  8440 | D:8      | Reached skill level 5 in Short Blades
  8440 | D:8      | Reached skill level 5 in Long Blades
  8440 | D:8      | Reached skill level 5 in Axes
  8440 | D:8      | Reached skill level 5 in Maces & Flails
  8440 | D:8      | Reached skill level 5 in Staves
  8440 | D:8      | Reached skill level 5 in Slings
  8440 | D:8      | Reached skill level 5 in Bows
  8440 | D:8      | Reached skill level 5 in Crossbows
  8440 | D:8      | Reached skill level 5 in Throwing
  8440 | D:8      | Reached skill level 5 in Stealth
  8440 | D:8      | Reached skill level 5 in Shields
  8440 | D:8      | Reached skill level 5 in Unarmed Combat
  8440 | D:8      | Reached skill level 5 in Evocations
  8723 | D:9      | Found a staircase to the Orcish Mines.
  8862 | D:9      | Noticed a death yak
  9079 | D:9      | Killed a death yak
  9312 | D:9      | Noticed a death yak
  9321 | D:9      | Noticed a death yak
  9334 | D:9      | Killed a death yak
  9334 | D:9      | Reached XP level 11. HP: 79/84 MP: 14/22
  9337 | D:9      | Killed a death yak
  9410 | D:9      | Found a staircase to the Lair.
  9945 | D:10     | Entered Level 10 of the Dungeon
 10121 | D:10     | Reached skill level 5 in Conjurations
 10121 | D:10     | Reached skill level 5 in Hexes
 10121 | D:10     | Reached skill level 5 in Summonings
 10121 | D:10     | Reached skill level 5 in Necromancy
 10121 | D:10     | Reached skill level 5 in Translocations
 10121 | D:10     | Reached skill level 5 in Transmutations
 10121 | D:10     | Reached skill level 5 in Fire Magic
 10121 | D:10     | Reached skill level 5 in Ice Magic
 10121 | D:10     | Reached skill level 5 in Air Magic
 10121 | D:10     | Reached skill level 5 in Earth Magic
 10121 | D:10     | Reached skill level 5 in Poison Magic
 11241 | D:11     | Noticed a two-headed hydra
 11251 | D:11     | Killed a two-headed hydra
 11670 | D:11     | Noticed a cyan ugly thing
 11687 | D:11     | Killed a cyan ugly thing
 12438 | D:12     | Noticed a two-headed ogre
 12455 | D:11     | Killed a two-headed ogre
 12455 | D:11     | Reached XP level 12. HP: 63/93 MP: 12/24
 12591 | D:12     | Noticed a five-headed hydra
 12593 | D:12     | Noticed a two-headed ogre
 12615 | D:12     | HP: 2/93 [five-headed hydra (10)]
 12616 | D:12     | Killed a five-headed hydra
 12620 | D:12     | Slain by a two-headed ogre

Illustrated notes

Levels and vault maps discovered:
D:1:      ebering_hopf_link, layout_loops_ring
D:2:      layout_basic, chequers_serial_rivers_micro_b, uniq_natasha
D:3:      layout_basic, first_ration
D:4:      layout_gridville, chequers_serial_rivers_micro_a, grunt_gozag_statues,
          uniq_edmund
D:5:      layout_loops_ring, fedhas_altar_2, uniq_blork_the_orc, uniq_duvessa
D:6:      layout_loops_ring, elyvilon_altar_1, lemuel_temple_firewalk_b,
          hangedman_feature_mirror
D:7:      layout_rooms, serial_shops, shop, shop, shop, basic_altar
D:8:      layout_layer_cave, basic_altar, uniq_joseph, uniq_grum
D:9:      layout_long_grid, dpeg_lair_monsters, zombieorc1_lemuel
D:10:     layout_irregular_city
D:11:     layout_layer_cave, hangedman_ranch [blue_anna_fruit_fields]
D:12:     layout_big_octagon

Skill      XL: |  1  2  3  4  5  6  7  8  9 10 11 12 |
---------------+-------------------------------------+-----
Spellcasting   | 5 6 7 8 |  8.5
Invocations    | 1 2 3 4 5 6 7 |  7.5
Short Blades   | 1 2 3 4 5 6 |  6.8
Long Blades    | 1 2 3 4 5 6 |  6.8
Axes           | 1 2 3 4 5 6 |  6.8
Maces & Flails | 1 2 3 4 5 6 |  6.8
Staves         | 1 2 3 4 5 6 |  6.8
Slings         | 1 2 3 4 5 6 |  6.8
Bows           | 1 2 3 4 5 6 |  6.8
Crossbows      | 1 2 3 4 5 6 |  6.8
Throwing       | 1 2 3 4 5 6 |  6.8
Stealth        | 1 2 3 4 5 6 |  6.8
Shields        | 1 2 3 4 5 6 |  6.8
Unarmed Combat | 1 2 3 4 5 6 |  6.8
Evocations     | 1 2 3 4 5 6 |  6.8
Conjurations   | 1 2 3 4 5 |  5.6
Hexes          | 1 2 3 4 5 |  5.6
Summonings     | 1 2 3 4 5 |  5.6
Necromancy     | 1 2 3 4 5 |  5.6
Translocations | 1 2 3 4 5 |  5.6
Transmutations | 1 2 3 4 5 |  5.6
Fire Magic     | 1 2 3 4 5 |  5.6
Ice Magic      | 1 2 3 4 5 |  5.6
Air Magic      | 1 2 3 4 5 |  5.6
Earth Magic    | 1 2 3 4 5 |  5.6
Poison Magic   | 1 2 3 4 5 |  5.6
Armour         | 3 4 5 6 7 |  7.3
Fighting       | 5 6 7 8 |  8.3
Polearms       | 5 6 7 8 |  8.3
Dodging        | 5 6 7 8 |  8.3
Charms         | 6 7 8 |  8.0

Action                   |  1- 3 |  4- 6 |  7- 9 | 10-12 || total
-------------------------+-------+-------+-------+-------++-------
Melee: Spear             |    57 |   196 |   179 |       ||   432
       Bite              |     2 |    16 |    47 |    33 ||    98
       Punch             |       |     3 |     4 |    10 ||    17
       Trident           |       |       |   158 |   346 ||   504
 Cast: Infusion          |     2 |    10 |    11 |    12 ||    35
       Song of Slaying   |     1 |     3 |     9 |    14 ||    27
       Shroud of Golubri |       |     5 |    12 |    10 ||    27
       Spectral Weapon   |       |    11 |    33 |    41 ||    85
       Ozocubu's Armour  |       |     1 |     1 |       ||     2
Evoke: Wand              |       |     2 |     1 |     5 ||     8
  Use: Potion            |       |       |       |     2 ||     2
 Stab: Sleeping          |     1 |     2 |     3 |     3 ||     9
       Distracted        |       |     1 |     4 |     4 ||     9
  Eat: Chunk             |       |    11 |    10 |       ||    21
       Ration            |       |       |     1 |     5 ||     6
Armor: Leather armour    |    10 |    24 |     9 |       ||    43
       Ring mail         |       |       |    39 |    71 ||   110
Dodge: Dodged            |    39 |    95 |   162 |   200 ||   496
